 Dungeon Crawl Stone Soup version 0.30.0-29-ga12c61a403 (webtiles) character file.

Game seed: 13551828980444237563

54481 monsoonserge the Cruncher (level 14, -3/195 HPs)
             Began as a Minotaur Berserker on June 17, 2023.
             Was a High Priest of Trog.
             Slain by a steelbarb worm (7 damage)
             ... on level 1 of the Spider Nest.
             The game lasted 01:15:29 (16260 turns).

monsoonserge the Cruncher (Minotaur Berserker)     Turns: 16260, Time: 01:15:29

Health: -3/195     AC: 16    Str: 33    XL:     14   Next: 34%
Magic:  13/13      EV: 12    Int:  4    God:    Trog [*****.]
Gold:   1413       SH:  0    Dex: 10    Spells: 13/13 levels left

rFire   + . .        a - +2 great mace (flame)
rCold   . . .        (shield currently unavailable)
rNeg    . . .        X - +4 ring mail {rF+}
rPois   +            (helmet restricted)
rElec   .            x - +0 cloak
rCorr   .            (no gloves)
SInv    .            c - +2 pair of boots
Will    +....        d - amulet of regeneration Stlth
                     A - +6 ring of strength
HPRegen 1.32/turn    E - ring of poison resistance
MPRegen 0.13/turn

%: no passive effects
@: berserking (expiring), lethally poisoned (-3 -> -9), spiked, slowed
A: horns 2, retaliatory headbutt
a: Renounce Religion, Berserk, Trog's Hand, Brothers in Arms


You were on level 1 of the Spider Nest.
You worshipped Trog.
Trog was extremely pleased with you.
You visited 3 branches of the dungeon, and saw 18 of its levels.
You also visited: Ossuary and Volcano.

You collected 1600 gold pieces.
You spent 187 gold pieces at shops.

Inventory:

Hand Weapons
 a - a +2 great mace of flaming (weapon)
 b - the +8 storm bow {elec, penet}
   (You found it on level 4 of the Lair of Beasts)
Missiles
 e - 9 javelins
 s - 3 atropa-tipped darts
 t - 6 curare-tipped darts
 z - 4 datura-tipped darts
 B - 39 poisoned darts (quivered)
 C - 5 silver javelins
 U - 5 throwing nets
Armour
 c - a +2 pair of boots (worn)
 k - a +1 tower shield of fire resistance
 x - a +0 cloak (worn)
 X - a +4 ring mail of fire resistance (worn)
Jewellery
 d - an amulet of regeneration (around neck)
 i - a ring of positive energy
 A - a +6 ring of strength (left hand)
 E - a ring of poison resistance (right hand)
 G - a ring of see invisible
 Y - a +5 ring of evasion
Wands
 m - a wand of mindburst (5)
 p - a wand of roots (11)
 S - a wand of polymorph (11)
 V - a wand of paralysis (5)
Scrolls
 j - 2 scrolls of silence
 n - a scroll of brand weapon {unknown}
 r - a scroll of torment
 v - 2 scrolls of blinking
 D - 3 scrolls of summoning
 F - 4 scrolls of poison
 K - 4 scrolls of enchant weapon
 O - 4 scrolls of magic mapping
 R - a scroll of fear
 T - 2 scrolls of fog
 W - 5 scrolls of teleportation
 Z - 2 scrolls of enchant armour
Potions
 f - 13 potions of curing
 g - 6 potions of cancellation
 h - 6 potions of haste
 l - 4 potions of mutation
 o - 9 potions of heal wounds
 u - 10 potions of attraction
 w - 4 potions of flight
 H - 6 potions of might
 I - a potion of ambrosia {unknown}
 L - 3 potions of invisibility
 M - a potion of experience {unknown}
 N - 3 potions of resistance
 P - a potion of berserk rage
 Q - 3 potions of lignification
Miscellaneous
 q - a lightning rod (4/4)
 y - a condenser vane
 J - a box of beasts


   Skills:
 + Level 13.9 Fighting
 + Level 7.1(9.6) Axes
 + Level 10.1(14.2) Maces & Flails
 + Level 14.4(15.6) Staves
 + Level 12.0 Ranged Weapons
 + Level 3.2 Throwing
 + Level 12.4 Armour
 + Level 5.2 Dodging
 + Level 3.0 Stealth
 * Level 4.0 Evocations


You had 13 spell levels left.
You didn't know any spells.
Your spell library contained the following spells:

 Spells                   Type           Power      Damage    Failure   Level
 Necrotise                Necr           0%         1d4       58%         1
 Slow                     Hex            0%         N/A       58%         1
 Blink                    Tloc           0%         N/A       73%         2
 Lesser Beckoning         Tloc           0%         N/A       73%         2
 Momentum Strike          Conj/Tloc      0%         3d8       73%         2
 Confusing Touch          Hex            0%         N/A       91%         3
 Portal Projectile        Hex/Tloc       0%         N/A       91%         3
 Tukima's Dance           Hex            0%         N/A       91%         3
 Vampiric Draining        Necr           0%         2d6       91%         3
 Manifold Assault         Tloc           0%         N/A       100%        4
 Agony                    Necr           0%         N/A       100%        5
 Blade Hands              Tmut           0%         N/A       100%        5
 Dispersal                Tloc           0%         N/A       100%        6
 Disjunction              Tloc           0%         N/A       100%        8


Dungeon Overview and Level Annotations

Branches:
Dungeon (12/15)            Temple (0/1) D:4            Lair (5/5) D:8
  Swamp (0/4) Lair:3       Spider (1/4) Lair:2        Slime (0/5) Lair:4
    Orc (0/2) D:10        Ossuary (visited)         Volcano (visited)

Altars:
Fedhas
Hepliaklqana
Nemelex Xobeh
Qazlal
Ru
Vehumet
Jiyva

Shops:
D:9 (   D:10 ?

Annotations:
D:11 2 transporters, safid's ghost, journeyman MfIE
Lair:5 3 runed translucent doors, Jeban's ghost, journeyman OpFi
Spider:1 1 transporter, exclusion: orange crystal statue, Louise


Innate Abilities, Weirdness & Mutations

You have a pair of horns on your head.
You reflexively headbutt those who attack you in melee.


Message History

You kill the wolf spider!
Trog accepts your kill. The demonic crawler misses you.
You furiously retaliate!
You headbutt the demonic crawler!! The demonic crawler barely misses you.
The demonic crawler hits you!
The jorogumo stares at you and mumbles some strange words.
The stream of webbing hits you but does no damage.
You are caught in a web!
Your Ranged Weapons skill increases to level 12!
You struggle to detach yourself from the web.
The demonic crawler hits you! The demonic crawler hits you.
The demonic crawler hits you but does no damage.
The jorogumo hits you!
* * * LOW HITPOINT WARNING * * *
You are poisoned.
You feel yourself slow down. The steelbarb worm hits you!!
* * * LOW HITPOINT WARNING * * *
Barbed spikes become lodged in your body.
The web tears apart.
You feel a strong urge to attack something.
You feel very sick.
The demonic crawler hits you but does no damage.
The demonic crawler hits you.
* * * LOW HITPOINT WARNING * * *
The demonic crawler closely misses you. The jorogumo hits you!
* * * LOW HITPOINT WARNING * * *
You feel as though you will be slow longer.
The steelbarb worm closely misses you.
You sock the steelbarb worm! You burn the steelbarb worm.
The steelbarb worm is almost dead.
* * * LOW HITPOINT WARNING * * *
You feel very sick.
The demonic crawler hits you but does no damage.
The demonic crawler barely misses you.
The demonic crawler hits you but does no damage.
The jorogumo hits you.
* * * LOW HITPOINT WARNING * * *
You feel as though you will be slow longer.
The steelbarb worm hits you!
You die...

................<#
.................#
..............^## .
#..............#
..##.............##
..................#
.©................#
######....).......^#
...{8##.)@..........#
...yHH#.wsH........##
.©.s#{#...†.#.......
...#s@#.............
.8...{#............
...#..#....^......
...#.#..........
[$..#..........


You could see 2 broodmothers, Louise, 3 jorogumos, a steelbarb worm, a spark
wasp and a demonic crawler.

Vanquished Creatures
  A red draconian (Volcano)
  Snorg (D:11)
  Josephine (Lair:4)
  Harold (D:9)
  An ogre mage (Volcano)
  A ghost crab (Lair:3)
  2 catoblepae
  6 hydras
  A jorogumo (Spider:1)
  5 two-headed ogres
  4 boulder beetles
  Urug (Lair:5)
  Amaemon (Lair:2)
  A skyshark (Lair:1)
  An orb spider (Lair:2)
  A wolf spider (Spider:1)
  A cyclops (D:11)
  11 elephants
  An orange demon (Lair:2)
  5 black mambas
  11 cane toads
  2 kobold demonologists (D:11)
  An unseen horror (D:11)
  2 komodo dragons
  A rime drake (Lair:2)
  4 trolls
  A spectral skyshark (Lair:3)
  8 polar bears (Lair:5)
  Grinder (D:3)
  15 blink frogs
  5 hornets (Lair:5)
  5 dream sheep (Lair:5)
  Sigmund (D:3)
  A shapeshifter (D:5)
  2 jumping spiders (Spider:1)
  15 spriggans (Lair:5)
  A shadow (D:10)
  22 yaks
  2 culicivoras
  4 wraiths
  Eustachio (D:6)
  A spectral komodo dragon (Lair:3)
  4 wyverns
  5 vampire mosquitoes
  3 wargs
  8 water moccasins
  5 orc warriors
  2 ice beasts (D:6)
  A black bear (D:8)
  A tengu (D:11)
  3 ogres (D:8)
  49 wolves
  4 boggarts (Lair:5)
  2 centaurs (D:8)
  4 lemures (D:5)
  4 kobold brigands
  14 bullfrogs
  3 gnoll sergeants
  3 scorpions
  A water moccasin zombie (Ossuary)
  5 wights
  6 killer bees
  2 electric eels (Lair:1)
  3 howler monkeys
  4 hounds
  Crazy Yiuf (D:3)
  8 orc priests
  2 jellies
  3 gnoll boudas (D:8)
  4 iguanas
  Ijyb (D:3)
  21 orc wizards
  2 mummies (Ossuary)
  19 gnolls
  5 adders
  2 shadow imps
  9 adder zombies (Ossuary)
  A worm (D:2)
  36 orcs
  4 ball pythons
  3 bats
  4 endoplasms
  3 giant cockroaches
  2 gnoll zombies (Ossuary)
  3 goblins (D:4)
  8 hobgoblins
  5 quokkas
  3 frilled lizards
  4 hobgoblin zombies (Ossuary)
  26 kobolds
  2 kobold zombies (Ossuary)
  4 orc zombies (Ossuary)
  A rat (D:1)
475 creatures vanquished.

Notes
Turn   | Place    | Note
-------+----------+-------------------------------------------
     0 | D:1      | monsoonserge the Minotaur Berserker began the quest for the
                  | Orb.
     0 | D:1      | Reached XP level 1. HP: 19/19 MP: 0/0
   763 | D:2      | Reached XP level 2. HP: 26/27 MP: 1/1
   869 | D:2      | Reached XP level 3. HP: 34/34 MP: 2/2
   973 | D:2      | Found a sacrificial altar of Ru.
  1272 | D:2      | Reached skill level 5 in Fighting
  1532 | D:3      | Noticed Ijyb
  1548 | D:3      | Noticed Grinder
  1550 | D:3      | Paralysed by Grinder for 2 turns
  1560 | D:3      | Reached ** piety under Trog
  1561 | D:3      | Paralysed by Grinder for 3 turns
  1572 | D:3      | Killed Grinder
  1573 | D:3      | Reached skill level 5 in Axes
  1573 | D:3      | Reached XP level 4. HP: 24/42 MP: 1/3
  1573 | D:3      | Reached XP level 5. HP: 28/49 MP: 1/4
  1670 | D:3      | Reached XP level 6. HP: 56/56 MP: 1/5
  1814 | D:3      | Killed Ijyb
  2054 | D:3      | Noticed Sigmund
  2072 | D:3      | Killed Sigmund
  2073 | D:3      | Reached XP level 7. HP: 60/63 MP: 2/6
  2184 | D:3      | Found a runed translucent door.
  2185 | D:3      | Noticed Crazy Yiuf
  2233 | D:3      | Found a faded altar of an unknown god.
  2568 | D:3      | Killed Crazy Yiuf
  2756 | D:4      | Identified the +9 dagger of the Conjuring Gods {heavy,
                  | rElec SInv}
  2851 | D:4      | Found a staircase to the Ecumenical Temple.
  3559 | D:5      | Entered Level 5 of the Dungeon
  3577 | D:5      | Noticed Pikel
  3589 | D:5      | Pikel changed into Pikel the shapeshifter
  3589 | D:5      | Noticed Pikel (shapeshifter)
  3590 | D:5      | Killed Pikel the shapeshifter
  3591 | D:5      | Reached skill level 1 in Staves
  3875 | D:5      | Reached skill level 2 in Staves
  3881 | D:5      | Reached skill level 5 in Armour
  3973 | D:5      | Reached XP level 8. HP: 71/71 MP: 7/7
  4025 | D:5      | Reached skill level 3 in Staves
  4096 | D:5      | Found a stormy altar of Qazlal.
  4099 | D:5      | Found a sacrificial altar of Ru.
  4525 | D:6      | Found a hazy altar of Hepliaklqana.
  4534 | D:6      | Found a radiant altar of Vehumet.
  4551 | D:6      | Noticed Eustachio
  4567 | D:6      | Killed Eustachio
  4580 | D:6      | Reached skill level 4 in Staves
  4580 | D:6      | Reached skill level 5 in Ranged Weapons
  4580 | D:6      | Reached skill level 1 in Stealth
  4633 | D:6      | Found a sand-covered staircase.
  4673 | Ossuary  | Entered an ossuary
  4677 | Ossuary  | Reached *** piety under Trog
  4853 | D:6      | Found a blossoming altar of Fedhas.
  5046 | D:6      | Reached skill level 5 in Staves
  5548 | D:7      | Reached skill level 6 in Staves
  5680 | D:7      | Reached XP level 9. HP: 58/80 MP: 8/8
  5682 | D:7      | Reached **** piety under Trog
  6025 | D:7      | Reached skill level 7 in Staves
  6269 | D:7      | Reached skill level 1 in Throwing
  6515 | D:7      | Reached skill level 8 in Staves
  6521 | D:8      | Found a staircase to the Lair.
  6808 | D:8      | Reached ***** piety under Trog
  7020 | D:8      | Reached XP level 10. HP: 90/90 MP: 9/9
  7025 | D:8      | Reached skill level 9 in Staves
  7673 | D:9      | Found Doaschad's Weapon Shoppe.
  7673 | D:9      | Noticed a six-headed hydra
  7678 | D:9      | Killed a six-headed hydra
  7680 | D:9      | Received a gift from Trog
  7862 | D:9      | Noticed Harold
  7879 | D:9      | HP: 3/138 [Harold/+0 glaive (15)]
  7881 | D:9      | Killed Harold
  7882 | D:9      | Reached skill level 10 in Staves
  8160 | D:9      | Reached skill level 10 in Fighting
  8281 | D:9      | Noticed a two-headed ogre
  8288 | D:9      | Killed a two-headed ogre
  8339 | D:9      | Reached skill level 11 in Staves
  8354 | D:9      | Reached XP level 11. HP: 101/101 MP: 10/10
  8428 | D:10     | Entered Level 10 of the Dungeon
  8928 | D:10     | Found a sparkling altar of Nemelex Xobeh.
  8960 | D:10     | Found a staircase to the Orcish Mines.
  8975 | D:10     | Noticed a boulder beetle
  8987 | D:10     | Killed a boulder beetle
  9086 | D:10     | Found Yfuapukow's Magic Scroll Shop.
  9089 | D:10     | Bought a scroll of summoning for 142 gold pieces
  9089 | D:10     | Bought a scroll of teleportation for 45 gold pieces
  9192 | D:11     | Noticed Snorg
  9206 | D:11     | HP: 2/101 [Snorg (18)]
  9207 | D:11     | Killed Snorg
  9208 | D:11     | Reached skill level 12 in Staves
  9386 | D:11     | Received a gift from Trog
  9505 | D:11     | Found a stormy altar of Qazlal.
  9845 | D:11     | Identified the +2 chain mail "Xiveran" {Harm +Inv rC-}
  9866 | D:11     | Reached skill level 10 in Armour
  9921 | D:11     | Found a transporter.
  9926 | D:11     | Found a transporter.
  9927 | D:11     | Noticed safid's ghost (journeyman MfIE)
  9927 | D:11     | Noticed a two-headed ogre
 10482 | D:12     | Noticed a boulder beetle
 10499 | D:12     | Killed a boulder beetle
 10500 | D:12     | Reached skill level 1 in Evocations
 10638 | Lair:1   | Entered Level 1 of the Lair of Beasts
 10673 | Lair:1   | Noticed a skyshark
 10688 | Lair:1   | Killed a skyshark
 10792 | Lair:1   | Reached skill level 13 in Staves
 10913 | Lair:1   | Reached XP level 12. HP: 80/110 MP: 11/11
 11043 | Lair:1   | Noticed a boulder beetle
 11072 | Lair:1   | Killed a boulder beetle
 11550 | Lair:2   | Noticed a six-headed hydra
 11561 | Lair:2   | Killed a six-headed hydra
 11570 | Lair:2   | Found a hole to the Spider Nest.
 11917 | Lair:2   | Reached skill level 14 in Staves
 11931 | Lair:2   | Noticed Amaemon
 11941 | Lair:2   | Killed Amaemon
 12046 | Lair:2   | Found a dark tunnel.
 12053 | Volcano  | Entered a volcano
 12078 | Volcano  | Noticed a two-headed ogre
 12079 | Volcano  | Noticed a red draconian
 12088 | Volcano  | a two-headed ogre changed into a culicivora
 12105 | Volcano  | Killed a red draconian
 12196 | Volcano  | Noticed a two-headed ogre
 12207 | Volcano  | Killed a two-headed ogre
 12237 | Volcano  | Noticed an ogre mage
 12237 | Volcano  | Noticed a two-headed ogre
 12237 | Volcano  | Noticed a two-headed ogre
 12243 | Volcano  | Killed a two-headed ogre
 12244 | Volcano  | Reached skill level 1 in Maces & Flails
 12245 | Volcano  | Killed a two-headed ogre
 12249 | Volcano  | Killed an ogre mage
 12312 | Volcano  | Noticed a two-headed ogre
 12317 | Volcano  | Killed a two-headed ogre
 13032 | Lair:3   | Reached XP level 13. HP: 95/119 MP: 12/12
 13079 | Lair:3   | Found a staircase to the Swamp.
 13090 | Lair:3   | Reached skill level 5 in Maces & Flails
 13794 | Lair:4   | Received a gift from Trog
 13980 | Lair:4   | Found a viscous altar of Jiyva.
 13980 | Lair:4   | Found a staircase to the Slime Pits.
 14063 | Lair:4   | Found the +8 storm bow {elec, penet}
 14077 | Lair:4   | Noticed Josephine
 14084 | Lair:4   | Killed Josephine
 14540 | Lair:5   | Entered Level 5 of the Lair of Beasts
 14569 | Lair:5   | Found a runed translucent gate.
 14570 | Lair:5   | Noticed Jeban's ghost (journeyman OpFi)
 14940 | Lair:5   | Reached skill level 10 in Ranged Weapons
 15059 | Lair:5   | Received a gift from Trog
 15267 | Lair:5   | Reached XP level 14. HP: 129/130 MP: 13/13
 15406 | Lair:5   | Reached skill level 5 in Dodging
 15754 | Lair:5   | Found a runed translucent gate.
 15755 | Lair:5   | Found a runed translucent gate.
 15915 | Lair:5   | Noticed Urug
 15920 | Lair:5   | Killed Urug
 16190 | Spider:1 | Entered Level 1 of the Spider Nest
 16208 | Spider:1 | Reached skill level 10 in Maces & Flails
 16237 | Spider:1 | Noticed Louise
 16238 | Spider:1 | Noticed a broodmother
 16239 | Spider:1 | Found a transporter.
 16239 | Spider:1 | Noticed a broodmother
 16260 | Spider:1 | HP: 8/195 [poisoned by a jorogumo]
 16260 | Spider:1 | Slain by a steelbarb worm

Illustrated notes

Levels and vault maps discovered:
D:1:      dpeg_arrival_boxorama, layout_basic
D:2:      layout_basic, basic_altar
D:3:      layout_rooms, shapermc_ecumenical_altar_notcrosses,
          kennysheep_generic_room_14, uniq_crazy_yiuf_cottage, uniq_sigmund,
          uniq_grinder, uniq_ijyb
D:4:      layout_basic, minmay_temple_entry_waves,
          minmay_misc_feat_secret_circle
D:5:      layout_gridville, minitemple, uniq_pikel
D:6:      layout_basic, mainiacjoe_overflow_catwalk_spiral, kennysheep_mini,
          lightli_ossuary_entry_decrepit_ruins, nicolae_titane, uniq_eustachio
D:7:      layout_basic
D:8:      kennysheep_housing_project, layout_basic, erik_lair_orcish_takeover,
          minmay_chambers_of_fives
D:9:      layout_gridville, serial_shops, shop, uniq_harold
D:10:     layout_loops_ring, mainiacjoe_overflow_paths, serial_shops,
          nicolae_shop_rolled_up, ebering_dispersal_statue_hall
D:11:     layout_basic, gammafunk_ghost_arena, grunt_qazlal_clouds, uniq_snorg
D:12:     minmay_the_grid_octo_triangle [minmay_the_grid_octo_concentric,
          minmay_the_grid_octo_prize_big_c, minmay_the_grid_octo_checkered],
          layout_irregular_city
Lair:1:   layout_roguey, serial_bayou_shore_b, serial_bayou_shore_a
Lair:2:   layout_regular_city, spider_nest_entry_web_field,
          nicolae_volcano_entry_two_sided, uniq_amaemon
Lair:3:   layout_chaotic_city, nicolae_swamp_entry_spooky
Lair:4:   layout_regular_city, dpeg_slime_entry_enclosed,
          grunt_forest_stairs_basic, beast_lair_carwin_7, uniq_josephine
Lair:5:   minmay_lair_end_enchanted_forest, layout_layer_cave,
          gammafunk_ghost_split, infiniplex_staircase_pool_2, uniq_urug
Spider:1: gammafunk_sealed_arena, drop_trap, nicolae_looking_at_the_future,
          uniq_louise

Skill      XL: |  1  2  3  4  5  6  7  8  9 10 11 12 13 14 |
---------------+-------------------------------------------+-----
Fighting       | 4 5 6 7 8 10 11 12 13 | 13.9
Axes           | 4 5 6 7 |  7.1
Ranged Weapons | 2 3 4 5 6 7 8 10 12 | 12.0
Armour         | 3 5 7 8 10 12 | 12.4
Staves         | 2 6 8 11 13 14 | 14.4
Stealth        | 1 2 3 |  3.0
Throwing       | 1 2 3 |  3.2
Evocations     | 2 3 4 |  4.0
Maces & Flails | 4 9 10 | 10.1
Dodging        | 3 4 5 |  5.2

Action                     |  1- 3 |  4- 6 |  7- 9 | 10-12 | 13-15 || total
---------------------------+-------+-------+-------+-------+-------++-------
  Melee: Hand axe          |    46 |    44 |    16 |       |       ||   106
         Headbutt          |     6 |     6 |    49 |   114 |    45 ||   220
         Quarterstaff      |       |       |   272 |   470 |       ||   742
         Great mace        |       |       |       |    63 |   199 ||   262
   Fire: Sling             |    27 |    15 |    77 |    72 |       ||   191
         Arbalest          |       |       |       |    23 |    34 ||    57
         Longbow           |       |       |       |       |   173 ||   173
  Throw: Boomerang         |       |       |    14 |    15 |       ||    29
         Dart              |       |       |       |     4 |     7 ||    11
 Invoke: Berserk           |     1 |       |     1 |     5 |     1 ||     8
         Trog's Hand       |       |       |       |     1 |     1 ||     2
    Use: Scroll            |       |       |       |    20 |     5 ||    25
   Stab: Petrified         |       |       |     2 |       |       ||     2
         Paralysed         |       |       |     1 |       |       ||     1
         Confused          |       |       |       |     4 |       ||     4
 Armour: Ring mail         |     9 |       |       |    19 |   166 ||   194
         Plate armour      |    16 |    25 |   198 |   203 |       ||   442
  Dodge: Dodged            |    18 |    15 |   124 |   290 |   313 ||   760
